 Dungeon Crawl Stone Soup version 0.31-a0-853-gc9b61b78f7 (webtiles) character file.

Game seed: 14114611896297654999

42 CrazyBamboolord the Trooper (level 3, -2/33 HPs)
             Began as a Ghoul Fighter on Oct 8, 2023.
             Slain by a gnoll
             ... wielding a +0 halberd
              (8 damage)
             ... on level 1 of the Dungeon.
             The game lasted 00:00:50 (899 turns).

CrazyBamboolord the Trooper (Ghoul Fighter)          Turns: 899, Time: 00:00:51

Health: -2/33      AC:  6    Str: 21    XL:     3   Next: 54%
Magic:  2/2        EV:  9    Int:  3    God:
Gold:   89         SH:  4    Dex:  8    Spells: 2/2 levels left

rFire   . .          .
                       - Unarmed
rCold   + . .        b - +0 buckler
rNeg    + + +        a - +0 scale mail
rPois   ∞            (no helmet)
rElec   .            (no cloak)
rCorr   .            (no gloves)
SInv    .            (no boots)
Will    .....        (no amulet) Stlth
                     (no ring)
HPRegen 0.00/turn    (no ring)
MPRegen 0.08/turn

%: no passive effects
@: inhibited regen
A: claws 1, cold resistance 1, negative energy resistance 3, inhibited
regeneration, torment resistance 2, devour on kill
a: no special abilities


You were on level 1 of the Dungeon.
You visited 1 branch of the dungeon, and saw 2 of its levels.

You collected 89 gold pieces.

Inventory:

Armour
 a - a +0 scale mail (worn)
 b - a +0 buckler (worn)
Jewellery
 e - a ring of fire
Scrolls
 d - 2 scrolls of teleportation {unknown}
Potions
 c - a potion of might


   Skills:
 * Level 3.8 Fighting
 * Level 3.1 Armour
 + Level 3.0 Shields
 * Level 2.8 Unarmed Combat


You had 2 spell levels left.
You didn't know any spells.
Your spell library contained the following spells:

 Spells                   Type           Power      Damage    Failure   Level
 Necrotise                Necr           0%         1d4       90%         1
 Vampiric Draining        Necr           0%         2d6       99%         3
 Agony                    Necr           0%         N/A       100%        5


Dungeon Overview and Level Annotations

Branches:
Dungeon (2/15)

Altars:


Innate Abilities, Weirdness & Mutations

You are immune to poison.
You have sharp fingernails.
Your flesh is cold resistant. (rC+)
You are immune to negative energy. (rN+++)
You do not regenerate when monsters are visible.
You are immune to unholy pain and torment.
You thrive by killing the living.


Message History

A bat comes into view.
The rat closely misses you.
The gnoll shouts!
You scratch the rat but do no damage. The rat closely misses you.
The gnoll hits you from afar with a +0 halberd.
You scratch the rat but do no damage. The bat barely misses you.
The rat bites you but does no damage.
The gnoll hits you from afar with a +0 halberd.
A gnoll comes into view. It is wielding a +0 flail.
The gnoll shouts!
The gnoll hits you from afar with a +0 halberd.
The bat barely misses you. The gnoll attacks as it pursues you!
You block the gnoll's attack. The rat attacks as it pursues you!
The rat barely misses you. The bat hits you but does no damage.
There is a stone staircase leading up here.
The rat closely misses you.
You climb upwards.
There is a stone staircase leading down here.
You scratch the rat.
The rat is moderately wounded.
The rat bites you but does no damage.
You scratch the rat.
You kill the rat!
You start resting.
HP restored.
You climb downwards.
The gnoll hits you with a +0 halberd! You block the gnoll's attack.
There is a stone staircase leading up here.
The gnoll hits you with a +0 halberd!
You climb upwards.
There is a stone staircase leading down here.
You scratch the gnoll.
The gnoll is moderately wounded.
The gnoll hits you with a +0 halberd.
* * * LOW HITPOINT WARNING * * *
You claw the gnoll!
The gnoll is almost dead.
The gnoll hits you with a +0 halberd!
You die...

.##.......########....#
.####...### ##.#.# .#
#...# ########.#.# .#
########..........# .#
#.............# .#
#[##.######.#.# .###
##.##.# #.#.#
...#####..#########.#.#
##.#...#..#...#.@g#.#)#
#.#...#..#...###†#.#.#
#.#.>.#..'...###.#.#.#
#.#...#..#...#.....#.#
#.#...####...##...##.#
#.##'######'##..#....#
#.^..##..##...#...####
#................##
#....##..##...##.####


You could see a gnoll.

Vanquished Creatures
  A gnoll (D:2)
  A dart slug (D:2)
  2 endoplasms (D:1)
  2 giant cockroaches (D:1)
  3 goblins (D:1)
  A hobgoblin (D:1)
  3 jackals (D:1)
  3 kobolds (D:1)
  A quokka (D:1)
  4 ball pythons (D:1)
  A bat (D:1)
  3 frilled lizards (D:1)
  3 rats
28 creatures vanquished.

Notes
Turn   | Place    | Note
-------+----------+-------------------------------------------
     0 | D:1      | CrazyBamboolord the Ghoul Fighter began the quest for the
                  | Orb.
     0 | D:1      | Reached XP level 1. HP: 19/19 MP: 0/0
   219 | D:1      | Reached XP level 2. HP: 26/26 MP: 1/1
   546 | D:1      | Reached XP level 3. HP: 33/33 MP: 2/2
   899 | D:1      | Slain by a gnoll

Illustrated notes

Levels and vault maps discovered:
D:1:      dpeg_arrival_houses_and_road, layout_loops_ring,
          kennysheep_pointless_box
D:2:      layout_basic, nicolae_shop_unique_rings

Skill      XL: |  1  2  3 |
---------------+----------+-----
Armour         | 3 |  3.1
Shields        | 3 |  3.0
Fighting       | |  3.8
Unarmed Combat | |  2.8

Action                     || total
---------------------------++-------
  Melee: Unarmed           ||    77
 Armour: Scale mail        ||    59
  Dodge: Dodged            ||    31
  Block: Buckler           ||    11

Table legend: (Time is in decaauts)
 A = Elapsed time spent in this place.
 B = Non-inter-level travel time spent in this place.
 C = Inter-level travel time spent in this place.
 D = Time resting spent in this place.
 E = Time spent auto-exploring this place.
 F = Levels seen in this place.
 G = Mean time per level.
                   A        B        C        D        E       F      G
               +--------+--------+--------+--------+--------+-----+--------+
         Total |    899 |    862 |     37 |     83 |    603 |   2 |  449.5 |
       Dungeon |    899 |    862 |     37 |     83 |    603 |   2 |  449.5 |
               +--------+--------+--------+--------+--------+-----+--------+

Top non-repeatable levels by time:
     D:1: 853 daAuts
     D:2: 46 daAuts
